 Dungeon Crawl Stone Soup version 0.16-a0-3807-g3748f16 (console) character file.

294 MrRokkomies the Cudgeler (level 6, 0/66 HPs)
             Began as an Ogre Skald on Jan 27, 2015.
             Slain by a hippogriff (4 damage)
             ... on level 3 of the Dungeon on Jan 28, 2015.
             The game lasted 00:18:11 (3688 turns).

MrRokkomies the Cudgeler (Ogre Skald)               Turns: 3688, Time: 00:18:11

Health: 0/66       AC:  6    Str: 23    XL:     6   Next: 33%
Magic:  4/11       EV: 10    Int: 11    God:
Gold:   174        SH:  0    Dex: 11    Spells: 3 memorised, 3 levels left

rFire  + . .     SeeInvis .     a - +0 flail
rCold  . . .     Clarity  .     q - +0 robe
rNeg   . . .     SustAb   .     (shield restricted)
rPois  +         Gourm    .     (helmet restricted)
rElec  .         Spirit   .     f - +2 cloak
rCorr  .         Warding  .     (gloves unavailable)
rMut   .         Stasis   .     (boots unavailable)
MR     .....                    (no amulet)
Stlth  +.........               l - ring of protection from fire
                                h - ring of poison resistance

@: mighty, shrouded (expiring), very slightly contaminated, not resistant to
hostile enchantments, very unstealthy
A: unfitting armour, tough skin 1
a: no special abilities


You were on level 3 of the Dungeon.
You were hungry.

You visited 1 branch of the dungeon, and saw 4 of its levels.

You collected 174 gold pieces.

Inventory:

Hand weapons
 a - a +0 flail (weapon)
 b - a +0 blowgun
Missiles
 g - 38 stones (quivered)
 m - 32 poisoned needles
Armour
 f - a +2 cloak (worn)
 q - a +0 robe (worn)
Jewellery
 h - a ring of poison resistance (left hand)
 l - a ring of protection from fire (right hand)
 r - an uncursed ring of wizardry
Scrolls
 p - a scroll of enchant weapon
Potions
 e - a potion of restore abilities
 n - a potion of cure mutation
 w - a potion of magic
Books
 c - a book of Battle

   Spells                             Type                      Level
   a - Infusion                       Charms                       1
   b - Shroud of Golubria             Charms/Translocation         2
   c - Song of Slaying                Charms                       2
   d - Spectral Weapon                Hexes/Charms                 3
   e - Regeneration                   Charms/Necromancy            3
Comestibles
 d - 2 meat rations
 i - 2 slices of pizza
 j - a beef jerky
 k - 2 bread rations
 u - 2 fruits


   Skills:
 * Level 5.6 Fighting
 * Level 5.9 Maces & Flails
 - Level 0.7 Armour
 + Level 2.4 Dodging
 - Level 2.4 Spellcasting
 - Level 2.1 Charms


You had 3 spell levels left.
You knew the following spells:

 Your Spells              Type           Power        Failure   Level  Hunger
a - Infusion              Chrm           #.....       14%         1    ##.....
b - Shroud of Golubria    Chrm/Tloc      #.........   30%         2    ###....
c - Spectral Weapon       Hex/Chrm       #.......     61%         3    ####...


Dungeon Overview and Level Annotations

Branches:
Dungeon (4/15)
 Temple: D:4-7

Altars:
Yredelemnul

Annotations:
D:4 Ijyb


Innate Abilities, Weirdness & Mutations

You are too large for most types of armour.
You have tough skin (AC +1).


Message History

The hippogriff bites you.
* * * LOW HITPOINT WARNING * * *
The hippogriff closely misses you.
Your shroud bends the hippogriff's attack away.
You barely miss the hippogriff.
The hippogriff is severely wounded.
The hippogriff barely misses you. x2
The hippogriff completely misses you.
You barely miss the hippogriff.
The hippogriff is severely wounded.
Your shroud bends the hippogriff's attack away.
The hippogriff pecks you but does no damage.
Your shroud bends the hippogriff's attack away.
You closely miss the hippogriff.
The hippogriff is severely wounded.
The hippogriff bites you.
* * * LOW HITPOINT WARNING * * *
The hippogriff pecks you but does no damage.
The hippogriff claws you.
You die...

######## #......#
#.####.# ###### ##..#
#.# #....# ##..#
#.#####>##.#
##..###.##.....#.#####
....#...##.....#.....#
#####.########.###.###
...(.............H.#####
#####.#........#@......#
#####.#.#.######.#####.#
.#....#.#........#####.#
.#.####.#....#.........#
..)####.##...#.#########
....)........#.#
#######.###....#
##......#$#....#
........###....#
##.............#
...............#


You could see a hippogriff.

Vanquished Creatures
  2 orc priests
  2 worker ants (D:3)
  Jessica (D:2)
  6 gnolls (D:3)
  An adder (D:2)
  2 worms (D:2)
  3 giant geckos
  3 oozes
  10 orcs
  A ball python (D:1)
  5 goblins
  9 hobgoblins
  9 bats
  3 giant cockroaches
  13 giant newts
  6 jackals (D:1)
  12 kobolds
  5 rats
93 creatures vanquished.

Notes
Turn   | Place    | Note
--------------------------------------------------------------
     0 | D:1      | MrRokkomies, the Ogre Skald, began the quest for the Orb.
     0 | D:1      | Reached XP level 1. HP: 22/22 MP: 3/3
    18 | D:1      | Reached skill level 1 in Dodging
    53 | D:1      | Reached skill level 3 in Maces & Flails
    61 | D:1      | Reached XP level 2. HP: 20/31 MP: 5/5
   653 | D:1      | Reached XP level 3. HP: 29/37 MP: 6/6
  1123 | D:2      | Found a basalt altar of Yredelemnul.
  1194 | D:2      | Learned a level 2 spell: Shroud of Golubria
  1198 | D:2      | Learned a level 3 spell: Spectral Weapon
  1293 | D:2      | Reached skill level 4 in Fighting
  1293 | D:2      | Reached XP level 4. HP: 17/48 MP: 4/8
  1459 | D:2      | Noticed Jessica
  1464 | D:2      | Killed Jessica
  2178 | D:3      | Reached XP level 5. HP: 22/55 MP: 9/9
  2672 | D:3      | Reached skill level 5 in Maces & Flails
  2820 | D:3      | Reached skill level 5 in Fighting
  3101 | D:4      | Noticed a phantom
  3123 | D:3      | Reached XP level 6. HP: 19/66 MP: 11/11
  3653 | D:4      | Noticed Ijyb
  3653 | D:4      | Noticed a hippogriff
  3688 | D:3      | Slain by a hippogriff

Action                   |  1- 3 |  4- 6 || total
-------------------------+-------+-------++-------
Melee: Mace              |   168 |   101 ||   269
       Flail             |       |    65 ||    65
 Fire: Blowgun           |       |    29 ||    29
Throw: Stone             |     4 |     1 ||     5
 Cast: Shroud of Golubri |     1 |     2 ||     3
  Use: Scroll            |     4 |     8 ||    12
       Potion            |       |     2 ||     2
  Eat: Chunk             |     1 |     8 ||     9
